 Dungeon Crawl Stone Soup version 0.29-a0-923-g6e406bff71 (webtiles) character file.

Game seed: 6734572971284065027

94 xian the Ducker (level 4, -2/34 HPs)
             Began as a Djinni Gladiator on July 27, 2022.
             Slain by a gnoll
             ... wielding a +0 flail
              (7 damage)
             ... on level 3 of the Dungeon.
             The game lasted 00:07:31 (2026 turns).

xian the Ducker (Djinni Gladiator)                  Turns: 2026, Time: 00:07:32

Health: -2/34      AC:  8    Str: 15    XL:     4   Next: 94%
Gold:   98         EV: 13    Int:  9    God:
                   SH:  0    Dex: 15

rFire   + + +      SeeInvis .   h - +2 dagger (venom)
rCold   x x .      Faith    .   (no shield)
rNeg    . . .      Spirit   .   b - +0 leather armour
rPois   ∞          Reflect  .   c - +0 helmet
rElec   .          Harm     .   (no cloak)
rCorr   .          Rampage  .   (no gloves)
Will    .....                   (boots unavailable)
Stlth   +.........              (no amulet)
HPRegen 0.11/turn               f - ring of fire
MPRegen 0.00/turn               e - +4 ring of protection

@: flying
A: sickness immunity, fire resistance 2, cold vulnerability 1, float, innate
caster, HP casting, extra vitality 1
a: no special abilities


You were on level 3 of the Dungeon.
You visited 1 branch of the dungeon, and saw 3 of its levels.

You collected 98 gold pieces.

Inventory:

Hand Weapons
 h - a +2 dagger of venom (weapon)
Missiles
 d - 3 throwing nets (quivered)
 i - 8 poisoned darts
 t - a javelin
Armour
 b - a +0 leather armour (worn)
 c - a +0 helmet (worn)
 m - a +0 plate armour
Jewellery
 e - a +4 ring of protection (right hand)
 f - a ring of fire (left hand)
Scrolls
 a - a scroll of immolation
 l - a scroll of amnesia
Potions
 k - 2 potions of attraction {unknown}
 o - 2 potions of lignification
 q - 2 potions of heal wounds {unknown}
 r - 2 potions of haste {unknown}
 s - a potion of might {unknown}


   Skills:
 + Level 2.3 Fighting
 - Level 2.6 Long Blades
 + Level 2.0 Throwing
 * Level 1.6 Armour
 + Level 4.2 Dodging
 + Level 0.1 Stealth
 * Level 1.0 Spellcasting


You had 4 spell levels left.
You knew the following spells:

 Your Spells              Type           Power      Damage    Failure   Level
a - Beastly Appendage     Tmut           4%         N/A       28%         1
Your spell library was empty.

Dungeon Overview and Level Annotations

Branches:
Dungeon (3/15)

Altars:
Zin

Shops:
D:3 (


Innate Abilities, Weirdness & Mutations

You are immune to sickness and miasma.
You are immune to poison.
Your flesh is very heat resistant. (rF++)
You are vulnerable to cold. (rC-)
You float through the air rather than walking.
You learn spells naturally, not from books.
Your magical power is your life essence.
You have superior vitality. (+4 MHP)


Message History

You hit the gnoll.
The gnoll is poisoned.
The gnoll is lightly wounded.
The gnoll hits you but does no damage.
A goblin comes into view. It is wielding a +0 club.
You barely miss the gnoll.
The gnoll is lightly wounded.
The gnoll barely misses you. The gnoll hits you but does no damage.
Things that are here:
a +2 dagger of venom; a ball python corpse; a kobold corpse The gnoll looks more healthy.
The gnoll misses you.
You hit the gnoll.
The gnoll is poisoned.
The gnoll is severely wounded.
The gnoll closely misses you.
You hit the gnoll.
You kill the gnoll!
The gnoll misses you.
You hit the gnoll but do no damage. The gnoll barely misses you.
The gnoll hits you with a +0 flail!
You barely miss the gnoll. The gnoll barely misses you. x2
You closely miss the gnoll. The gnoll hits you with a +0 flail.
The gnoll barely misses you.
You hit the gnoll.
The gnoll is poisoned.
The gnoll is moderately wounded.
The gnoll closely misses you.
The gnoll hits you from afar with a +0 spear.
The gnoll attacks as you move away! The gnoll closely misses you.
The gnoll attacks as you move away! The gnoll misses you.
The gnoll completely misses you. The gnoll attacks as you move away!
The gnoll hits you with a +0 flail!
* * * LOW HITPOINT WARNING * * *
The gnoll completely misses you. The gnoll attacks as you move away!
The gnoll barely misses you.
A kobold and a hobgoblin come into view.
As you read the scroll labelled KIKUTE HOSAGG, it crumbles to dust.
It is a scroll of enchant weapon.
Your +1 dagger of venom glows red for a moment.
The gnoll hits you with a +0 flail!
You die...

,,,*,,,,,,,****,,,,,,,,,,,,,,,,,*
,,,*,,,,,,,,,,,,*,,,,,,,,,,,,,,,*
......***,*,,*****,,,,,,,,,,,,,**
.....****,,,** **,,,,,,,,,,,,*
....####..,*********,,,******#.#
..........,,,,,,,,,,,*,,..# #.#
...........g########.#**#.## #.#
.........##..K.....#.####..###.#
...##....#*#####@....#......##.#
g†....##.# #.g.g............##.#
..†......# #g#.gg..............##
...#####.###)#...................
.....g.gg..gg..........<.....#..#
.......#.#.............#...#.....
#..###....#..#.........#...#..##.
#..# ##...#>###........#...##.###
#$.# #.....# ##.....#.#...##.###


You could see 3 gnolls, a hobgoblin (asleep), 2 goblins and a kobold (asleep).

Vanquished Creatures
  A gnoll (D:3)
  3 adders
  A dart slug (D:1)
  9 bats
  6 endoplasms
  2 giant cockroaches (D:3)
  6 goblins
  3 hobgoblins
  6 kobolds
  2 quokkas (D:1)
  9 ball pythons
  4 frilled lizards
  A rat (D:1)
53 creatures vanquished.

Notes
Turn   | Place    | Note
-------+----------+-------------------------------------------
     0 | D:1      | xian the Djinni Gladiator began the quest for the Orb.
     0 | D:1      | Reached XP level 1. HP: 18/18 MP: 0/0
   284 | D:1      | Reached XP level 2. HP: 22/23 MP: 0/0
   571 | D:1      | Reached XP level 3. HP: 28/28 MP: 0/0
   571 | D:1      | Learned a level 1 spell: Beastly Appendage
   576 | D:1      | Found a glowing silver altar of Zin.
   653 | D:1      | Reached skill level 1 in Armour
  1013 | D:2      | Found a faded altar of an unknown god.
  1168 | D:2      | Reached XP level 4. HP: 28/33 MP: 0/0
  1402 | D:2      | Reached skill level 4 in Dodging
  1659 | D:3      | Found Juatitte's Antique Weapon Boutique.
  1715 | D:3      | Reached skill level 1 in Spellcasting
  2026 | D:3      | Slain by a gnoll

Illustrated notes

Levels and vault maps discovered:
D:1:      lemuel_arrival_cross, layout_basic, minmay_hexomino_r4
D:2:      layout_rooms, ebering_ecumenical_altar_webs,
          dreamdust_princess_corridor
D:3:      layout_rooms, lemuel_blue_sif_altar, nicolae_dithmenos_shadow_blocks,
          serial_shops, shop, uniq_robin

Skill      XL: |  1  2  3  4 |
---------------+-------------+-----
Armour         | 1 |  1.6
Throwing       | 2 |  2.0
Dodging        | 4 |  4.2
Spellcasting   | 1 |  1.0
Fighting       | |  2.3
Long Blades    | |  2.6
Stealth        | |  0.1

Action                   |  1- 3 |  4- 6 || total
-------------------------+-------+-------++-------
Melee: Long sword        |    38 |       ||    38
       Dagger            |    39 |    65 ||   104
       Headbutt          |       |     1 ||     1
Throw: Javelin           |       |     4 ||     4
 Cast: Beastly Appendage |       |     1 ||     1
  Use: Scroll            |       |     9 ||     9
Armor: Leather armour    |    34 |    24 ||    58
Dodge: Dodged            |    78 |    66 ||   144

Table legend: (Time is in decaauts)
 A = Elapsed time spent in this place.
 B = Non-inter-level travel time spent in this place.
 C = Inter-level travel time spent in this place.
 D = Time resting spent in this place.
 E = Time spent auto-exploring this place.
 F = Levels seen in this place.
 G = Mean time per level.
                   A        B        C        D        E       F      G
               +--------+--------+--------+--------+--------+-----+--------+
         Total |   2028 |   1983 |     45 |      0 |   1430 |   3 |  676.0 |
       Dungeon |   2028 |   1983 |     45 |      0 |   1430 |   3 |  676.0 |
               +--------+--------+--------+--------+--------+-----+--------+

Top non-repeatable levels by time:
     D:1: 1020 daAuts
     D:2: 643 daAuts
     D:3: 364 daAuts
